Cogmind - Beta 13 @@@ ROGUE MODE // 2024.04.01 @ 23:17:25 Player: Uncover Result: Destroyed by G-34 Mercenary with Small Laser Performance ------------- Evolutions (1) 500 Regions Visited (2) 400 Robots Destroyed (20) 100 Value Destroyed (499) 499 Prototype IDs (2) 40 Alien Tech Used (0) 0 Bonus (0) 0 TOTAL SCORE: 1539 Bonus ------- None Cogmind --------- Core Integrity 0/400 Matter 152/300 Energy 265/265 System Corruption 3% Temperature Cool (6) Movement Treading (160) Location -9/Materials Parts ------- > --- POWER (2) -------- Improved Ion Engine > --- PROPULSION (2) --- Light Treads Light Treads > --- UTILITY (3) ------ Heat Sink Heat Sink Visual Processing Unit > --- WEAPON (2) ------- Flak Cannon Flak Cannon > --- INVENTORY (5) ---- Light Treads Wheel Beam Rifle Light Assault Rifle Autogun Peak State ------------ > --- POWER ------------ Improved Ion Engine > --- PROPULSION ------- Light Treads Aluminum Leg > --- UTILITY ---------- Heat Sink Heat Sink Visual Processing Unit > --- WEAPON ----------- Flak Cannon Flak Cannon > --- INVENTORY -------- Beam Rifle Light Assault Rifle Autogun [Rating: 14] Favorites ----------- Power Light Ion Engine Engine Light Ion Engine Propulsion Aluminum Leg Treads Light Treads Leg Aluminum Leg Wheel Wheel Flight Unit Flight Unit Utility Weight Redist. System Device Weight Redist. System Storage Large Storage Unit Processor Visual Processing Unit Weapon Ion Cannon Energy Cannon Ion Cannon Ballistic Cannon Flak Cannon Build | -11 -10 -9 ------- Run | Yrd Mat Mat Slots Evolved 2 | . . 2 Power 1 | . . 1 Propulsion . | . . . Utility 1 | . . 1 Weapon . | . . . Parts Attached 27 | 3 4 20 Power 6 | 1 1 4 Engine 6 | 1 1 4 Core . | . . . Reactor . | . . . Propulsion 9 | 2 2 5 Treads 4 | . 2 2 Leg 2 | . . 2 Wheel 2 | 2 . . Hover . | . . . Flight 1 | . . 1 Utility 6 | . 1 5 Device 4 | . . 4 Storage 1 | . 1 . Processor 1 | . . 1 Hackware . | . . . Protection . | . . . Artifact . | . . . Weapon 6 | . . 6 Energy Gun . | . . . Energy Cannon 4 | . . 4 Ballistic Gun . | . . . Ballistic Cannon 2 | . . 2 Launcher . | . . . Special Weapon . | . . . Impact Weapon . | . . . Slashing Weapon . | . . . Piercing Weapon . | . . . Special Melee Weapon . | . . . Unidentified Prototypes . | . . . Parts Lost 7 | . . 7 Power 3 | . . 3 Propulsion 1 | . . 1 Utility 1 | . . 1 Weapon 2 | . . 2 Highest Loss Streak 3 | . . 3 To Critical Strikes . | . . . Average Slot Usage (%) 51 | . 11 53 Engine 10 | . 4 11 Treads 2 | . 7 2 Leg 5 | . . 5 Flight 2 | . . 2 Device 9 | . . 10 Processor 5 | . . 6 Energy Cannon 8 | . . 8 Ballistic Cannon 7 | . . 7 Naked Turns 25 | . 25 . Heaviest Build 21 | 5 3 21 Greatest Support 40 | 26 40 40 Greatest Overweight (x) 6 | 1 . 6 Average Overweight (x) 1 | . . 1 Largest Inventory Capacity 15 | 5 15 5 Average Capacity 5 | 5 5 5 Most Carried 5 | 4 5 5 Average Carried 1 | 1 2 1 Final Capacity 5 | 5 5 5 Final Carried 5 | 4 1 5 Class Distribution -------------------- 62% | Mutant 37% | Scavenger-Mutant Dominant Class ---------------- Mutant | -9/Materials Resources | -11 -10 -9 ----------- Run | Yrd Mat Mat Matter Collected 546 | 230 10 306 Remotely . | . . . Salvage Created 497 | . 23 474 Parts 31 | . 1 30 Haulers Intercepted . | . . . Recyclers Shooed . | . . . Parts Field Recycled . | . . . Retrieved Matter . | . . . Parts Self-Destructed . | . . . Prevented . | . . . Kills | -11 -10 -9 ------- Run | Yrd Mat Mat Combat Hostiles Destroyed 17 | . . 17 Cannons 17 | . . 17 Classes Destroyed 5 | . 1 4 Worker 1 | . 1 . Watcher 2 | . . 2 Swarmer 6 | . . 6 Grunt 9 | . . 9 Sentry 2 | . . 2 Best Kill Streak 4 | . 1 4 Combat Bots Only 4 | . . 4 Max Kills in Single Turn 1 | . 1 1 Gunslinging . | . . . Exploded . | . . . Melee . | . . . Uniques/NPCs Destroyed . | . . . Combat | -11 -10 -9 -------- Run | Yrd Mat Mat Hostile Shots Fired 202 | . . 202 Missed 62 | . . 62 Damage Taken 1323 | . 7 1316 Core 410 | . 7 403 Absorbed by Shields 51 | . . 51 Core Remaining (%) 98 | 100 97 . Volleys Fired 51 | . . 51 Largest 2 | . . 2 Hottest 120 | . . 120 Shots Fired 93 | . . 93 Gun . | . . . Cannon 93 | . . 93 Launcher . | . . . Special . | . . . Kinetic 39 | . . 39 Thermal 54 | . . 54 Explosive . | . . . Electromagnetic . | . . . Robot Hit Streak 9 | . . 9 Robot Miss Streak 7 | . . 7 Penetration Max . | . . . Secondary Targets . | . . . Shots Hit Robots 53 | . . 53 Core Hits 37 | . 1 36 Critical Kills . | . . . Critical Parts Destroyed . | . . . Critical Strikes . | . . . Melee Attacks . | . . . Impact . | . . . Slashing . | . . . Piercing . | . . . Sneak Attacks . | . . . Combat Hostiles . | . . . Follow-up Attacks . | . . . Damage Inflicted 1095 | . 14 1081 Guns . | . . . Cannons 1077 | . . 1077 Explosions . | . . . Melee . | . . . Ramming 18 | . 14 4 Kinetic 505 | . . 505 Thermal 572 | . . 572 Explosive . | . . . Electromagnetic . | . . . Impact . | . . . Slashing . | . . . Piercing . | . . . Highest Corruption 3 | . . 3 Average Corruption 2 | . . 2 Corruption Purged . | . . . Corruption Blocked . | . . . Effects 11 | . . 11 Message Errors 2 | . . 2 Matter Fused 3 | . . 3 Heat Flow Errors 1 | . . 1 Energy Discharges 2 | . . 2 Data Loss (minor) 1 | . . 1 Misfires 1 | . . 1 Weapon Failures 1 | . . 1 Overload Shots . | . . . Overflow Damage 6 | . . 6 Projectiles 6 | . . 6 Explosions . | . . . Melee . | . . . Knockbacks 20 | . . 20 Impact . | . . . Kinetic 19 | . . 19 Secondary 1 | . . 1 Self-Inflicted Damage 9 | . 7 2 Shots . | . . . Rammed 4 | . 1 3 Targets Rammed 4 | . 1 3 Kicked . | . . . Crushed . | . . . Highest Temperature 357 | . . 357 Average Temperature 85 | . . 85 Received Heat Transfer 425 | . . 425 Effects 1 | . . 1 Shutdowns 1 | . . 1 Siege Activations . | . . . Robots Corrupted . | . . . Combat Hostiles . | . . . Parts Fried . | . . . Impact Corruptions . | . . . Robots Melted . | . . . Combat Hostiles . | . . . Parts Melted 1 | . . 1 Heat Transferred 925 | . . 925 Parts Sabotaged . | . . . Parts Stolen . | . . . Parts Stripped . | . . . Power Chain Reactions . | . . . Alert | -11 -10 -9 ------- Run | Yrd Mat Mat Peak Influence 239 | . 20 239 Initial 8 | . . 8 Average 78 | . 13 85 Maximum Alert Level 1 | . . 1 Low Security (%) 94 | 100 100 94 Level 1 5 | . . 5 Level 2 . | . . . Level 3 . | . . . Level 4 . | . . . Level 5 . | . . . High Security . | . . . Max Security . | . . . Squads Dispatched 4 | . . 4 Investigation 3 | . . 3 Extermination . | . . . Reinforcement 1 | . . 1 Assault . | . . . Garrison . | . . . Intercept . | . . . Searches Triggered . | . . . Construction Impeded . | . . . Haulers Reinforced . | . . . Active Scanning Responses . | . . . Cargo Convoy Interrupts . | . . . Stealth | -11 -10 -9 --------- Run | Yrd Mat Mat Distress Signals . | . . . Communications Jammed . | . . . Distress Signals . | . . . Times Spotted 30 | . 2 28 Peak Tracking Total 4 | . 2 4 Tactical Retreats 4 | . . 4 Traps | -11 -10 -9 ------- Run | Yrd Mat Mat Traps Triggered 1 | . . 1 Indirectly . | . . . Trap Hack Attempts . | . . . Triggered . | . . . Disarmed . | . . . Reprogrammed . | . . . Reused . | . . . Traps Extracted . | . . . Installed . | . . . Triggered . | . . . Machines | -11 -10 -9 ---------- Run | Yrd Mat Mat Machines Disabled 1 | . . 1 Max in Single Turn 1 | . . 1 Machines Repaired . | . . . Machines Dismantled . | . . . Machines Sabotaged . | . . . Overloaded Fab Kills . | . . . Hacking | -11 -10 -9 --------- Run | Yrd Mat Mat Machines Accessed 5 | . 1 4 Terminals 3 | . . 3 Fabricators . | . . . Repair Stations . | . . . Recycling Units 1 | . 1 . Scanalyzers 1 | . . 1 Garrison Access . | . . . Total Hacks 18 | . 4 14 Successful 15 | . 2 13 Failed 3 | . 2 1 Catastrophic . | . . . Database Lockouts . | . . . Manual . | . . . Terminals 9 | . . 9 Fabricators . | . . . Repair Stations . | . . . Recycling Units 4 | . 4 . Scanalyzers 5 | . . 5 Garrison Access . | . . . Terminal Hacks 8 | . . 8 Record 2 | . . 2 Prototype ID Bank 1 | . . 1 Emergency Access Points 2 | . . 2 Alert Level 1 | . . 1 Maintenance Status 1 | . . 1 Zone Layout 1 | . . 1 Fabricator Hacks . | . . . Repair Station Hacks . | . . . Recycling Unit Hacks 2 | . 2 . Recycle Component 2 | . 2 . Scanalyzer 5 | . . 5 Insert Component 3 | . . 3 Analyze 2 | . . 2 Garrison Access Hacks . | . . . Unauthorized Hacks . | . . . Terminals . | . . . Fabricators . | . . . Repair Stations . | . . . Recycling Units . | . . . Scanalyzers . | . . . Garrison Access . | . . . Data Cores Recovered . | . . . Used . | . . . Hacking Detections 5 | . 1 4 Full Trace Events 5 | . 1 4 Feedback Events . | . . . Feedback Blocked . | . . . Robot Schematics Acquired . | . . . Robots Built . | . . . Authchips . | . . . Time . | . . . Total Robot Build Rating . | . . . Part Schematics Acquired 2 | . . 2 Parts Built . | . . . Authchips . | . . . Time . | . . . Total Part Build Rating . | . . . Parts Repaired . | . . . Time . | . . . Parts Recycled 2 | . 2 . Recycled Matter . | . . . Retrieved Matter . | . . . Retrieved Components . | . . . Parts Scanalyzed 2 | . . 2 Part Schematics Acquired 2 | . . 2 Parts Damaged . | . . . Bothacking | -11 -10 -9 ------------ Run | Yrd Mat Mat Used RIF Installer . | . . . Robots Hacked . | . . . Non-combat . | . . . Combat . | . . . Robot Hacks Applied . | . . . Relay Couplers Released . | . . . Fabnet Peak Effective % . | . . . Robots Rewired . | . . . Allies Hacked . | . . . Hacks Repelled . | . . . Allies | -11 -10 -9 -------- Run | Yrd Mat Mat Total Allies . | . . . Largest Group . | . . . Highest-Rated Group . | . . . Highest-Rated Ally . | . . . Total Orders . | . . . Ally Attacks . | . . . Total Damage . | . . . Kills . | . . . Allies Corrupted . | . . . Allies Melted . | . . . Intel | -11 -10 -9 ------- Run | Yrd Mat Mat Robot Analysis Total . | . . . Derelict Logs Recovered . | . . . Drone Launches . | . . . Drone Recoveries . | . . . Exploration | -11 -10 -9 ------------- Run | Yrd Mat Mat Turns Passed 1097 | 42 59 996 Spaces Moved 708 | 57 81 570 Core 576 | 52 71 453 Treads 107 | . 10 97 Legs 7 | . . 7 Wheels 5 | 5 . . Hover . | . . . Flight 13 | . . 13 Fastest Speed 50 | 50 50 50 Average Speed 125 | 56 63 140 Slowest Speed 350 | 100 160 350 Overloaded Moves . | . . . Propulsion Burnouts . | . . . Robots Hopped . | . . . Cave-ins Triggered . | . . . Exploration Rate (%) 19 | 4 19 36 Regions Visited 2 Branch Regions . Pre-discovered Areas . | . . . Known Exits Taken . | . . . Unknown Exits Taken 2 | 1 1 . Scrap Searched . | . . . Spaces Dug . | . . . Terrain Destroyed 8 | . . 8 Melee . | . . . Projectile 8 | . . 8 AOE . | . . . Terrain Rammed . | . . . Walls Destroyed . | . . . Machines Disabled . | . . . Actions | -11 -10 -9 --------- Run | Yrd Mat Mat Total 831 | 68 89 674 Wait . | . . . Move 706 | 56 80 570 Hop . | . . . Pick Up 30 | 6 1 23 Fast Attach . | . . . Attach 27 | 3 4 20 Detach 5 | 1 2 2 Swap . | . . . Drop 8 | 2 1 5 Fire 51 | . . 51 Melee . | . . . Ram 4 | . 1 3 Kick . | . . . Crush . | . . . Escape Stasis . | . . . Rewire . | . . . Trap . | . . . Miscellaneous . | . . . Route ------- -11/Scrapyard -10/Materials (discovered 2 exits: *Mat / [*Min]) -9/Materials History --------- Turn | Location | Event 17 | -11/Scrapyard | Discovered new exit (range 15) 43 | -11/Scrapyard | Entered Materials 67 | -10/Materials | Discovered new exit (range 14) 68 | -10/Materials | Discovered new exit (range 14) 102 | -10/Materials | Entered another Materials area 102 | -9/Materials | Evolved 2 slots: Power x1, Utility x1 307 | -9/Materials | Build established: Mutant 380 | -9/Materials | Core integrity fell below 50% 383 | -9/Materials | Lost 3 parts (2p1u) 726 | -9/Materials | Core integrity fell below 20% 1098 | -9/Materials | Destroyed by G-34 Mercenary with Small Laser Last Messages --------------- Schematic downloaded. >>Insert(Autogun) Scanning Autogun... Ready to analyze. ALERT: Suspicious activity at Scanalyzer M001. Dispatching Investigation squad. Schematics can be used at fabricators to build something. View all schematics in possession via the status screen. Acquired Wheel. Y-45 Defender destroyed. Acquired 32 matter. Dropped Aluminum Leg. Acquired Lgt. Treads. G-34 Mercenary knocked back. G-34 Mercenary destroyed. G-34 Mercenary knocked back. K-01 Serf collects debris. G-34 Mercenary knocked back. QIFJVRNFB1|H8DR VUH>1E:P9 Map ----- +----------------------------------------------------+ | | | | | | | | | ???????????????????????????????????????? | | ?????????????##########????????????????? | | ?????????????# #????????????????? | | ?????????????# #????????????????? | | ?????????????# #????????????????? | | ?????????????# #############????? | | ?????????????# + + #????? | | ?????????????# ###### #????? | | ?????????????# #????# """ #????? | | ?????????????# #????# """ #????? | | ?????????????# #????# """ #????? | | ?????????????#####+####????# #????? | | ???????????????# ##########/######+# | | ???????????????# | | ???????????????# T | | ???????????????# | | ???????????????# g##########+######## | | ?????????######## ####### #?????? | | ?????????# #m # %! + ]#?????? | | ?????????# =# # % = #! """ #?????? | | ?????????# ""k/ + "" # """ ####### | | ?????????# S""@# # """ # """ + # | | ?????????# "" # # """ # ##### # | | ?????????# # # ########???# # | | ?????????######## # "T" #????????###+# | | ????????????????# #######????????# | | ????????????????# #??????????????# | | ????????????????+ +??????????????# | | ????????????????# #??????????????# | | ????????????????# #??????????????# | | ????????????????# #??????????????# | | ????????????????? ??????????????###+# | | ????????????????? ???????????????? | | ????????????????? ???????????????? | | ????????????????? ???????????????? | | ????????????????? #???????????????### | | ?????????????????###???????????????????? | | ???????????????????????????????????????? | | ???????????????????????????????????????? | | ???????????????????????????????????????? | | ???????????????????????????????????????? | | ???????????????????????????????????????? | | ???????????????????????????????????????? | | ???????????????????????????????????????? | | ???????????????????????????????????????? | | ???????????????????????????????????????? | +----------------------------------------------------+ Best States ------------- Heat Dissipation 48 Energy Generation 15 Energy Capacity 275 Matter Stores 300 Matter Capacity 300 Sight Range 18 Terrain Scan Density 10 Additional Mass Support 6 Evasion (%) 50 Recoil Reduction 2 Item Schematics ----------------- Heat Sink | -9/Materials | Scanalyzed Imp. Ion Engine | -9/Materials | Scanalyzed Robot Schematics ------------------ None Fabricated ------------ Nothing Alien Tech Used ----------------- None Achievements -------------- More Dakka Please Storm Trooper Challenges ------------ None Game ------ Seed KineticBiomechanicalCharge Manual? 0 Play Time 00:18:06 Cumulative 1.1 hours Start 2024.04.01 @ 23:01:17 End 2024.04.01 @ 23:17:25 Sessions 1 Manual Loads 0 Difficulty Rogue Special Mode None Game No. 3 Rogue 3 Adventurer 0 Explorer 0 Win Type - Total 0 Types 0/0/0/0/0/0/0/0/0 Lore% 0 Gallery% 3 Achievement% 4 Wizard Run 0 Options --------- Layout 1 ASCII 0 Keyboard 0 Movement Mouse Keybinds 0 Fullscreen 1 Font 24/Smallcaps Map View 50x35 Zoom Use 0% Tactical HUD 0 Map Filters NONE Filters NONE Steam 1 RUN: 3816f3bd-fc41-4dc8-a111-b86d8584969e